 Dungeon Crawl Stone Soup version 0.27.1-4-g1640c2035a (webtiles) character file.

Game seed: 6891326488031115690

5522 TheDoctor the Fighter (level 11, -9/86 HPs)
             Began as a Djinni Hedge Wizard on Nov 12, 2021.
             Mangled by a two-headed ogre (14 damage)
             ... on level 9 of the Dungeon.
             The game lasted 00:25:45 (13310 turns).

TheDoctor the Fighter (Djinni Hedge Wizard)        Turns: 13310, Time: 00:25:46

Health: -9/86      AC:  7    Str:  9    XL:     11   Next: 1%
Gold:   515        EV: 12    Int: 18    God:
                   SH:  0    Dex: 14

rFire    + + .     SeeInvis .   z - +4 morningstar (freeze)
rCold    x . .     Faith    .   (no shield)
rNeg     . . .     Spirit   .   q - +1 robe {Will+}
rPois    ∞         Reflect  .   c - +0 hat
rElec    .         Harm     .   (no cloak)
rCorr    .         Rampage  .   (no gloves)
Will     ++...                  (boots unavailable)
Stlth    ++........             (no amulet)
HPRegen  0.24/turn              p - +4 ring of protection
MPRegen  0.00/turn              (no ring)

@: flying, very slightly contaminated, slowed, very slow
A: sickness immunity, fire resistance 2, cold vulnerability 1, float, innate
caster, hp casting, extra vitality 1
a: no special abilities


You were on level 9 of the Dungeon.
You visited 2 branches of the dungeon, and saw 10 of its levels.

You collected 515 gold pieces.

Inventory:

Hand Weapons
 f - a +4 scimitar of flaming
 z - a +4 morningstar of freezing (weapon)
 A - a +2 dagger of venom
 E - a +2 rapier of venom
 H - a +3 spear of freezing
Missiles
 u - a throwing net
Armour
 c - a +0 hat (worn)
 l - a +0 kite shield
 q - a +1 robe of willpower (worn)
 D - a +0 buckler
Magical Staves
 o - a staff of fire
Jewellery
 p - a +4 ring of protection (left hand)
Wands
 a - a wand of acid (18)
 h - a wand of mindburst (29)
 v - a wand of polymorph (7)
 C - a wand of flame (13)
Scrolls
 d - 3 scrolls of acquirement
 e - 2 scrolls of fog
 g - 2 scrolls of magic mapping
 n - 2 scrolls of enchant armour
 r - a scroll of fear
 t - a scroll of immolation {unknown}
 w - a scroll of holy word {unknown}
 x - a scroll of teleportation {unknown}
 y - a scroll of blinking {unknown}
Potions
 i - 2 potions of mutation {unknown}
 j - 3 potions of curing
 k - 2 potions of cancellation {unknown}
 m - a potion of brilliance {unknown}
 B - a potion of lignification {unknown}
 F - a potion of might {unknown}
 G - a potion of heal wounds


   Skills:
 * Level 10.5 Fighting
 - Level 2.1 Dodging
 - Level 1.5 Stealth
 * Level 8.6 Spellcasting
 + Level 4.0 Evocations


You couldn't memorise any spells.
You knew the following spells:

 Your Spells              Type           Power      Damage    Failure   Level
a - Magic Dart            Conj           100%       1d8       1%          1
b - Blink                 Tloc           N/A        N/A       1%          2
c - Call Imp              Summ           38%        N/A       1%          2
d - Slow                  Hex            38%        N/A       1%          2
e - Conjure Flame         Conj/Fire      38%        6-21      1%          3
f - Mephitic Cloud        Conj/Pois/Air  38%        N/A       1%          3
g - Animate Skeleton      Necr           76%        N/A       1%          1
h - Wereblood             Tmut           38%        N/A       1%          2
i - Poisonous Vapours     Pois/Air       76%        N/A       1%          2
j - Petrify               Tmut/Erth      38%        N/A       2%          4
k - Metabolic Englaciati  Hex/Ice        19%        N/A       8%          5
Your spell library was empty.

Dungeon Overview and Level Annotations

Branches:
Dungeon (9/15)             Temple (1/1) D:5
   Lair: D:8-11         Orc: D:9-12

Altars:
Ashenzari
Cheibriados
Elyvilon
Fedhas
Gozag
Hepliaklqana
Kikubaaqudgha
Makhleb
Okawaru
Qazlal
Ru
Sif Muna
Trog
Uskayaw
Wu Jian
Xom
Zin
The Shining One

Shops:
D:1 ([


Innate Abilities, Weirdness & Mutations

You are immune to sickness and miasma.
You are immune to poison.
Your flesh is very heat resistant. (rF++)
You are vulnerable to cold. (rC-)
You float through the air rather than walking.
You learn spells naturally, not from books.
Your magical power is your life essence.
You have superior vitality. (+4 HP)


Message History

Confirm with . or Enter, or press ? or * to list all spells.
Okay, then.
Unknown command.
Casting: Petrify (dangerous; 2% risk of failure)
Confirm with . or Enter, or press ? or * to list all spells.
Aiming: Mephitic Cloud (safe; 1% risk of failure)
Press: ? - help, Shift-Dir - straight line, f/p - two-headed ogre
Aim: a two-headed ogre, wielding a +0 giant spiked club and a +0 giant club (lightly wounded, very poisoned, chance to affect: 53%)
The ball explodes into a vile cloud!
The stinking cloud engulfs the two-headed ogre but does no damage.
The two-headed ogre is lightly wounded.
You hear a shout! x5
The two-headed ogre is engulfed in noxious fumes.
The two-headed ogre is engulfed in blazing flames.
Unknown command.
Unknown command.
Unknown command.
As you read the scroll labelled ISUNGY LUDEUGA, it crumbles to dust.
Your body is wracked with pain!
The two-headed ogre convulses!
It was a scroll of torment.
Casting: Mephitic Cloud (safe; 1% risk of failure)
Confirm with . or Enter, or press ? or * to list all spells.
You blink.
A gnoll comes into view. It is wielding a +0 flail.
The gnoll shouts!
A gnoll comes into view. It is wielding a +0 flail.
The two-headed ogre hits you with a +0 giant spiked club!
* * * LOW HITPOINT WARNING * * *
The two-headed ogre hits you with a +0 giant club!
* * * LOW HITPOINT WARNING * * *
A gnoll comes into view. It is wielding a +0 halberd.
A gnoll comes into view. It is wielding a +0 club.
Unknown command.
Casting: Blink (safe; 1% risk of failure)
Confirm with . or Enter, or press ? or * to list all spells.
You blink.
* * * LOW HITPOINT WARNING * * *
The two-headed ogre barely misses you.
The two-headed ogre hits you with a +0 giant club!
You die...

.........####
............#
.........Z..#
............#
............#####
........g..○°.§.##
.......gg...##...#
.......g...##.#O##
..........##..#@.##
...>....##.#.#.#.#
....... #.#.#.#.##
....... . #.#.##.#
......##.
#.#.##.#### ..... .
+.+.+.....#
#.##.##.# #.##.# .#
.## .#


You could see a two-headed ogre (poisoned).

Vanquished Creatures
  Erica (D:9)
  2 hornets
  Sigmund (D:2)
  4 yaks (D:7)
  A steam dragon (D:6)
  3 water moccasins
  An orc warrior (D:9)
  A sky beast (D:8)
  A hornet zombie (D:5)
  2 ice beasts
  3 black bears
  A necrophage (D:7)
  6 ogres
  A centaur (D:5)
  A phantom (D:3)
  2 scorpions
  A water moccasin skeleton (D:6)
  10 wights
  11 killer bees (D:7)
  3 howler monkeys
  A bullfrog zombie (D:5)
  3 centaur zombies
  3 orc priests (D:9)
  2 gnoll shamans
  2 bullfrog skeletons
  4 orc wizards
  A killer bee zombie (D:5)
  A hound skeleton (D:5)
  A howler monkey zombie (D:8)
  7 gnolls
  7 adders
  A white imp (D:5)
  2 ufetubi
  A worm (D:3)
  2 dart slugs
  13 orcs
  6 ball pythons
  4 bats
  8 endoplasms
  5 giant cockroaches
  7 goblins
  10 hobgoblins
  10 jackals
  2 quokkas (D:2)
  6 frilled lizards
  7 kobolds
  6 rats
178 creatures vanquished.

Vanquished Creatures (collateral kills)
  A killer bee (D:7)
1 creature vanquished.

Vanquished Creatures (others)
  A killer bee (D:7)
1 creature vanquished.

Grand Total: 180 creatures vanquished

Notes
Turn   | Place    | Note
-------+----------+-------------------------------------------
     0 | D:1      | TheDoctor the Djinni Hedge Wizard began the quest for the
                  | Orb.
     0 | D:1      | Reached XP level 1. HP: 15/15 MP: 0/0
   191 | D:1      | Found Ceuh's Armour Shoppe.
   289 | D:1      | Reached XP level 2. HP: 19/22 MP: 0/0
   391 | D:1      | Reached skill level 1 in Fighting
  1153 | D:1      | Found Byck's Antique Weapon Boutique.
  1374 | D:1      | Reached XP level 3. HP: 23/27 MP: 0/0
  1374 | D:1      | Learned a level 1 spell: Animate Skeleton
  2050 | D:2      | Reached skill level 2 in Fighting
  2274 | D:2      | Reached XP level 4. HP: 25/33 MP: 0/0
  2864 | D:2      | Reached XP level 5. HP: 33/40 MP: 0/0
  2864 | D:2      | Learned a level 2 spell: Wereblood
  2993 | D:2      | Found a faded altar of an unknown god.
  3011 | D:2      | Noticed Sigmund
  3102 | D:2      | Killed Sigmund
  3103 | D:2      | Reached skill level 4 in Fighting
  3103 | D:2      | Reached XP level 6. HP: 15/47 MP: 0/0
  3613 | D:3      | Noticed a black bear
  3624 | D:3      | Killed a black bear
  3625 | D:3      | Reached XP level 7. HP: 38/53 MP: 0/0
  3625 | D:3      | Learned a level 2 spell: Poisonous Vapours
  4109 | D:3      | Reached skill level 5 in Fighting
  4369 | D:3      | Found a blossoming altar of Fedhas.
  5174 | D:4      | Reached skill level 5 in Spellcasting
  5174 | D:4      | Reached XP level 8. HP: 35/60 MP: 0/0
  5618 | D:5      | Entered Level 5 of the Dungeon
  5930 | D:5      | Reached skill level 6 in Fighting
  6113 | D:5      | Found a staircase to the Ecumenical Temple.
  6709 | D:5      | Reached skill level 7 in Fighting
  7162 | Temple   | Entered the Ecumenical Temple
  7662 | D:5      | Reached XP level 9. HP: 57/68 MP: 0/0
  7662 | D:5      | Learned a level 4 spell: Petrify
  8446 | D:6      | Reached skill level 8 in Fighting
  9034 | D:6      | Noticed a hornet
  9046 | D:6      | Killed a hornet
  9706 | D:7      | Reached skill level 9 in Fighting
  9710 | D:6      | HP: 2/72 [orc (7)]
 10120 | D:6      | Reached skill level 1 in Evocations
 10292 | D:7      | Reached XP level 10. HP: 73/78 MP: 0/0
 10384 | D:7      | HP: 2/78 [killer bee (8)]
 10982 | D:7      | Found an ornate altar of the Wu Jian Council.
 11577 | D:8      | Reached skill level 10 in Fighting
 12698 | D:8      | Identified 3 scrolls of acquirement
 12733 | D:9      | Noticed a two-headed ogre
 13021 | D:9      | Noticed a two-headed ogre
 13170 | D:9      | Noticed Erica
 13186 | D:9      | Killed Erica
 13187 | D:9      | Reached XP level 11. HP: 56/86 MP: 0/0
 13187 | D:9      | Learned a level 5 spell: Metabolic Englaciation
 13310 | D:9      | Mangled by a two-headed ogre

Illustrated notes

Levels and vault maps discovered:
D:1:      dpeg_arrival_rooms_a, layout_basic, serial_shops, nicolae_shop_trees,
          shop
D:2:      layout_loops_corners, shapermc_ecumenical_altar_rom_forum,
          kennysheep_nub, kennysheep_doodads, uniq_sigmund
D:3:      layout_loops_ring, fedhas_altar_4
D:4:      layout_loops_ring
D:5:      layout_rooms, lemuel_temple_firewalk_b, minmay_fountain_box,
          amcnicky_mini_pool_medium
D:6:      layout_loops_corners
D:7:      layout_cave_pools, kennysheep_mini, mrwooster_statue_mirror
D:8:      layout_basic
D:9:      layout_basic, lemuel_mausoleum_altar_yredelemnul,
          gammafunk_ghost_spectres, interstate_on_off, uniq_maurice,
          uniq_erolcha, uniq_erica
Temple:   eino_temple_scatter_basement

Skill      XL: |  1  2  3  4  5  6  7  8  9 10 |
---------------+-------------------------------+-----
Fighting       | 1 2 4 5 7 9 10 | 10.5
Spellcasting   | 3 4 5 6 7 8 |  8.6
Evocations     | 1 4 |  4.0
Dodging        | |  2.1
Stealth        | |  1.5

Action                   |  1- 3 |  4- 6 |  7- 9 | 10-12 || total
-------------------------+-------+-------+-------+-------++-------
Melee: Dagger            |     5 |       |       |       ||     5
       Morningstar       |       |       |    15 |    11 ||    26
 Cast: Magic Dart        |    95 |    61 |   295 |   125 ||   576
       Conjure Flame     |       |     3 |    13 |     9 ||    25
       Slow              |       |     1 |     3 |    13 ||    17
       Blink             |       |     1 |     2 |     3 ||     6
       Call Imp          |       |     1 |       |       ||     1
       Mephitic Cloud    |       |     4 |    14 |    19 ||    37
       Poisonous Vapours |       |       |    42 |    49 ||    91
       Petrify           |       |       |     2 |     1 ||     3
       Wereblood         |       |       |     1 |       ||     1
  Use: Scroll            |       |     1 |       |     8 ||     9
       Potion            |       |     1 |       |     1 ||     2
Armor: Robe              |     4 |     3 |    11 |    18 ||    36
Dodge: Dodged            |    13 |    11 |    56 |    59 ||   139
